 Dungeon Crawl Stone Soup version 0.28-a0-779-g3d1f99b579 (webtiles) character file.

Game seed: 5893942270888495461

5544 demibob the Grappler (level 10, -1/77 HPs)
             Began as a Ghoul Monk on Nov 3, 2021.
             Was a Believer of Makhleb.
             Slain by a white ugly thing (9 damage)
             ... on level 8 of the Dungeon.
             The game lasted 00:17:56 (8704 turns).

demibob the Grappler (Ghoul Monk)                   Turns: 8704, Time: 00:17:57

Health: -1/77      AC:  6    Str: 16    XL:     10   Next: 71%
Magic:  9/9        EV: 13    Int:  5    God:    Makhleb [**....]
Gold:   410        SH:  0    Dex: 14    Spells: 9/9 levels left

rFire   . . .      SeeInvis .     - Unarmed
rCold   + . .      Faith    .   (no shield)
rNeg    + + +      Spirit   .   a - +0 robe
rPois   ∞          Reflect  .   n - +0 helmet
rElec   .          Harm     .   (no cloak)
rCorr   .          Rampage  .   (no gloves)
Will    +....                   h - +2 pair of boots {Fly}
Stlth   ++........              (no amulet)
HPRegen 0.00/turn               W - ring of willpower
MPRegen 0.11/turn               (no ring)

@: about to teleport, flying, inhibited regen
A: claws 1, cold resistance 1, negative energy resistance 3, inhibited
regeneration, torment resistance 2
a: Renounce Religion, Minor Destruction


You were on level 8 of the Dungeon.
You worshipped Makhleb.
Makhleb was pleased with you.
You visited 2 branches of the dungeon, and saw 9 of its levels.

You collected 410 gold pieces.


Innate Abilities, Weirdness & Mutations

You thrive by killing the living.
You are immune to poison.
You have sharp fingernails.
Your flesh is cold resistant. (rC+)
You are immune to negative energy. (rN+++)
You do not regenerate when monsters are visible.
You are immune to unholy pain and torment.


   Skills:
 - Level 3.2 Fighting
 + Level 5.8 Slings
 - Level 4.4 Dodging
 - Level 2.1 Stealth
 - Level 13.7 Unarmed Combat
 - Level 5.2 Evocations


You had 9 spell levels left.
You didn't know any spells.
Your spell library contained the following spells:

 Spells                   Type           Power      Damage    Failure   Level
 Passwall                 Tmut/Erth      0%         N/A       63%         2
 Inner Flame              Hex/Fire       0%         N/A       85%         3
 Swiftness                Air            0%         N/A       85%         3
 Tukima's Dance           Hex            0%         N/A       85%         3
 Cause Fear               Hex            0%         N/A       99%         4
 Passage of Golubria      Tloc           0%         N/A       99%         4
 Yara's Violent Unravell  Hex/Tmut       0%         3d3       100%        5
 Invisibility             Hex            0%         N/A       100%        6
 Discord                  Hex            0%         N/A       100%        8

Inventory:

Hand Weapons
 b - the +12 hunting sling of Jahul {vorpal, rElec Str+7}
   (You found it on level 7 of the Dungeon)

   Any ammunition fired from it inflicts extra damage upon your enemies.
   Str:       It affects your strength (+7).
   rElec:     It insulates you from electricity.
 q - the +5 short sword "Empaxaen" {vorpal, Fragile rF+ rC+ Dex+2}
   (You took it off a wight on level 5 of the Dungeon)

   It inflicts extra damage upon your enemies.
   Dex:       It affects your dexterity (+2).
   rF:        It protects you from fire.
   rC:        It protects you from cold.
   Fragile:   It will be destroyed if unequipped.
Missiles
 f - 44 poisoned darts (quivered)
 g - 6 atropa-tipped darts
 l - a throwing net {=f}
 v - 36 stones
 w - 37 sling bullets
Armour
 a - a +0 robe (worn)
 c - a scarf of harm
 h - a +2 pair of boots of flying (worn)
 n - a +0 helmet (worn)
Jewellery
 C - a ring of ice
 W - a ring of willpower (left claw)
Wands
 o - a wand of acid (1)
 r - a wand of digging (2)
 s - a wand of flame (13)
 y - a wand of mindburst (13)
Scrolls
 e - 7 scrolls of identify {@r1}
 p - a scroll of teleportation {@r2}
Potions
 d - a potion of magic
 i - 2 potions of brilliance
 j - 5 potions of curing {@q1}
 k - 3 potions of ambrosia
 m - 2 potions of attraction
 t - a potion of cancellation

Dungeon Overview and Level Annotations

Branches:
Dungeon (8/15)             Temple (1/1) D:7
   Lair: D:8-11

Altars:
Ashenzari
Cheibriados
Dithmenos
Elyvilon
Fedhas
Gozag
Hepliaklqana
Makhleb
Okawaru
Qazlal
Sif Muna
Uskayaw
Vehumet
Wu Jian
Xom
Yredelemnul
Zin
The Shining One

Annotations:
D:5 1 runed translucent door, flotson's ghost, amateur DsDe

######### ###.......##
##..........##
#............##
#........>....#
####............#
######...†#.....@u...#
#.....########.##..###
..##### #####..## .##
##.(## .## ###.### ..#
##(.## ..## ##(.##
...## ##.(## ....#
##.(####..


You could see a white ugly thing.


Message History

You shoot a stone.
The stone barely misses the white ugly thing.
You shoot a stone. The stone hits the white ugly thing!
The white ugly thing is severely wounded.
The white ugly thing punches you. The white ugly thing freezes you! You resist.
You shoot a stone. The stone hits the white ugly thing.
The white ugly thing is severely wounded.
The white ugly thing punches you! The white ugly thing freezes you! You resist.
You shoot a stone.
The stone closely misses the white ugly thing.
The white ugly thing punches you. The white ugly thing freezes you! You resist.
* * * LOW HITPOINT WARNING * * *
You are too injured to fight recklessly!
Okay, then.
As you read the scroll of torment, it crumbles to dust.
You feel a surge of unholy energy.
The white ugly thing convulses!
The white ugly thing punches you but does no damage.
You are now empty-clawed.
You claw the white ugly thing!
The white ugly thing is almost dead.
The white ugly thing punches you!
* * * LOW HITPOINT WARNING * * *
The white ugly thing freezes you! You resist.
* * * LOW HITPOINT WARNING * * *
You scratch the white ugly thing but do no damage.
The white ugly thing is almost dead.
The white ugly thing closely misses you.
As you read the scroll of teleportation {@r2}, it crumbles to dust.
You feel strangely unstable. The white ugly thing punches you!
You die...

Skill      XL: |  1  2  3  4  5  6  7  8  9 10 |
---------------+-------------------------------+-----
Unarmed Combat | 4 5 6 7 8 10 11 12 13 | 13.7
Evocations     | 3 4 5 |  5.2
Dodging        | 4 |  4.4
Slings         | 2 5 |  5.8
Fighting       | |  3.2
Stealth        | |  2.1

Action                   |  1- 3 |  4- 6 |  7- 9 | 10-12 || total
-------------------------+-------+-------+-------+-------++-------
Melee: Unarmed           |    88 |   144 |   209 |    62 ||   503
       Punch             |       |     2 |    10 |     5 ||    17
 Fire: Hunting sling     |       |       |    13 |    65 ||    78
Throw: Dart              |       |       |    13 |       ||    13
Evoke: Wand              |       |     9 |    10 |     3 ||    22
  Use: Scroll            |     7 |     7 |     4 |     5 ||    23
       Potion            |       |       |     1 |       ||     1
 Stab: Sleeping          |     7 |     2 |     3 |       ||    12
       Paralysed         |       |    12 |    15 |       ||    27
Armor: Robe              |    11 |    33 |    47 |    12 ||   103
Dodge: Dodged            |    50 |    66 |    90 |    19 ||   225

Levels and vault maps discovered:
D:1:      lemuel_arrival_river_ford, layout_loops_cross
D:2:      layout_rooms
D:3:      kennysheep_the_goblin_king, layout_loops_ring,
          shapermc_ecumenical_altar_mp_vishouse, uniq_ijyb
D:4:      layout_loops_corners, uniq_edmund, uniq_robin
D:5:      layout_layer_cave, marbit_many_paths, hellmonk_ghost_happy_afterlife,
          minmay_door_square, uniq_grinder
D:6:      layout_cave_pools, mrwooster_statue_mirror, kennysheep_generic_room_15
D:7:      layout_rooms, minmay_overflow_temple_star_quad, temple_pool_b,
          guppyfry_early_elven_hall, uniq_menkaure, uniq_joseph, uniq_pikel
D:8:      cheibrodos_steamvent, layout_cave_pods, lair_entry_dummy
Temple:   eino_temple_lava

Notes
Turn   | Place    | Note
-------+----------+-------------------------------------------
     0 | D:1      | demibob the Ghoul Monk began the quest for the Orb.
     0 | D:1      | Reached XP level 1. HP: 19/19 MP: 0/0
   176 | D:1      | Reached XP level 2. HP: 26/26 MP: 1/1
   179 | D:1      | Reached skill level 4 in Unarmed Combat
   769 | D:1      | Reached XP level 3. HP: 23/31 MP: 2/2
  1447 | D:2      | Reached skill level 5 in Unarmed Combat
  1600 | D:2      | Reached XP level 4. HP: 38/38 MP: 3/3
  1680 | D:3      | Noticed Ijyb
  1746 | D:3      | Reached skill level 6 in Unarmed Combat
  1748 | D:3      | Reached XP level 5. HP: 32/45 MP: 4/4
  2108 | D:3      | Killed Ijyb
  2472 | D:3      | Reached skill level 7 in Unarmed Combat
  2559 | D:3      | Reached XP level 6. HP: 38/51 MP: 5/5
  2905 | D:3      | Found a faded altar of an unknown god.
  3164 | D:5      | Entered Level 5 of the Dungeon
  3496 | D:5      | Reached skill level 8 in Unarmed Combat
  3583 | D:5      | Noticed flotson's ghost (amateur DsDe)
  3586 | D:5      | Found a runed translucent door.
  3796 | D:4      | Reached XP level 7. HP: 57/57 MP: 6/6
  4145 | D:4      | Noticed Robin
  4161 | D:4      | Noticed Edmund
  4168 | D:4      | Identified a potion of resistance
  4186 | D:4      | Killed Edmund
  4187 | D:4      | Reached skill level 9 in Unarmed Combat
  4193 | D:4      | Killed Robin
  4791 | D:5      | Reached skill level 1 in Evocations
  4909 | D:5      | Noticed a two-headed ogre
  4917 | D:5      | Identified the +5 short sword "Empaxaen" {vorpal, Fragile
                  | rF+ rC+ Dex+2}
  4924 | D:5      | Killed a two-headed ogre
  4925 | D:5      | Reached skill level 10 in Unarmed Combat
  4925 | D:5      | Reached skill level 3 in Evocations
  4925 | D:5      | Reached XP level 8. HP: 30/63 MP: 7/7
  4926 | D:5      | Reached skill level 4 in Evocations
  5147 | D:5      | Noticed Grinder
  5165 | D:5      | Killed Grinder
  5166 | D:5      | Reached skill level 11 in Unarmed Combat
  5320 | D:5      | Reached XP level 9. HP: 70/70 MP: 8/8
  5372 | D:5      | Found a hide-covered altar of Uskayaw.
  5491 | D:5      | Reached skill level 5 in Evocations
  6501 | D:6      | Reached skill level 3 in Dodging
  7065 | D:7      | Noticed a deep elf zephyrmancer
  7071 | D:7      | Killed a deep elf zephyrmancer
  7072 | D:7      | Reached skill level 4 in Dodging
  7072 | D:7      | Reached skill level 12 in Unarmed Combat
  7132 | D:7      | Identified the +12 hunting sling of Jahul {vorpal, rElec
                  | Str+7}
  7206 | D:7      | Found a staircase to the Ecumenical Temple.
  7252 | D:7      | Noticed Pikel
  7258 | D:7      | Killed Pikel
  7259 | D:7      | Reached skill level 2 in Slings
  7315 | Temple   | Entered the Ecumenical Temple
  7420 | D:7      | Reached XP level 10. HP: 69/77 MP: 9/9
  7424 | D:7      | Reached skill level 3 in Slings
  7437 | D:7      | Reached skill level 13 in Unarmed Combat
  7449 | D:7      | Reached skill level 4 in Slings
  7786 | D:7      | Noticed Menkaure
  7793 | D:7      | Killed Menkaure
  7846 | D:7      | Noticed Joseph
  7861 | D:7      | Killed Joseph
  7862 | D:7      | Reached skill level 5 in Slings
  8144 | D:7      | Found a shimmering altar of Xom.
  8151 | D:7      | Found a broken altar of Ashenzari.
  8155 | D:7      | Found a burning altar of Makhleb.
  8163 | D:7      | Became a worshipper of Makhleb the Destroyer
  8163 | D:7      | Reached * piety under Makhleb
  8163 | D:7      | Reached ** piety under Makhleb
  8525 | D:8      | Noticed a white ugly thing
  8704 | D:8      | Slain by a white ugly thing

Vanquished Creatures
  A two-headed ogre (D:5)
  Pikel (D:7)
  A deep elf zephyrmancer (D:7)
  Joseph (D:7)
  Grinder (D:5)
  8 yaks (D:7)
  Menkaure (D:7)
  Edmund (D:4)
  A black bear (D:6)
  A necrophage (D:5)
  2 ogres (D:6)
  2 centaurs
  3 lemures (D:7)
  A phantom (D:7)
  A kobold brigand (D:8)
  2 bullfrogs (D:8)
  A scorpion (D:6)
  A water moccasin zombie (D:5)
  A wyvern skeleton (D:7)
  A water moccasin skeleton (D:5)
  5 killer bees (D:8)
  7 wights
  2 howler monkeys
  A bullfrog zombie (D:3)
  A jelly (D:7)
  A hound (D:6)
  Ijyb (D:3)
  3 orc priests
  An iguana (D:6)
  A scorpion zombie (D:5)
  3 orc wizards
  2 killer bee zombies
  2 hound skeletons
  Robin (D:4)
  12 gnolls
  6 adders
  2 shadow imps
  A white imp (D:6)
  12 orcs
  2 ball pythons (D:3)
  4 bats
  8 endoplasms
  2 giant cockroaches
  21 goblins
  10 hobgoblins
  7 jackals (D:3)
  7 kobolds
  5 quokkas
  3 frilled lizards
  3 rats
168 creatures vanquished.

Table legend: (Time is in decaauts)
 A = Elapsed time spent in this place.
 B = Non-inter-level travel time spent in this place.
 C = Inter-level travel time spent in this place.
 D = Time resting spent in this place.
 E = Time spent auto-exploring this place.
 F = Levels seen in this place.
 G = Mean time per level.
                   A        B        C        D        E       F      G
               +--------+--------+--------+--------+--------+-----+--------+
         Total |   8617 |   8371 |    246 |   2104 |   4827 |   9 |  957.4 |
       Dungeon |   8592 |   8352 |    240 |   2104 |   4827 |   8 | 1074.0 |
        Temple |     25 |     20 |      5 |      0 |      0 |   1 |   25.0 |
               +--------+--------+--------+--------+--------+-----+--------+

Top non-repeatable levels by time:
     D:5: 2101 daAuts
     D:3: 1402 daAuts
     D:7: 1385 daAuts
     D:4: 1067 daAuts
     D:1: 1023 daAuts
     D:6: 612 daAuts
     D:2: 610 daAuts
     D:8: 389 daAuts
  Temple: 25 daAuts

Table legend:
 A = Non-vault XP
 B = Vault XP
 C = Vault XP percentage of total XP
 D = Non-vault monster count
 E = Vault monster count
 F = Vault count percentage of total count
                 A         B        C        D         E       F
            +---------+---------+-------+---------+---------+-------
      Total |    5457 |    2464 |  31.1 |     137 |      28 |  17.0
            +---------+---------+-------+---------+---------+-------
        D:1 |      35 |       0 |   0.0 |      19 |       0 |   0.0
        D:2 |      51 |       0 |   0.0 |      13 |       0 |   0.0
        D:3 |     219 |      51 |  18.9 |      27 |       8 |  22.9
        D:4 |     198 |     195 |  49.6 |      15 |      13 |  46.4
        D:5 |    1416 |     339 |  19.3 |      18 |       2 |  10.0
        D:6 |     506 |     121 |  19.3 |       9 |       1 |  10.0
        D:7 |    2254 |    1758 |  43.8 |      24 |       4 |  14.3
        D:8 |     778 |       0 |   0.0 |      12 |       0 |   0.0
            +---------+---------+-------+---------+---------+-------
